 Dungeon Crawl Stone Soup version 0.28-a0-819-g6ef7baa362 (webtiles) character file.

Game seed: 14033080016633890501

46 MacCMillion the Digger (level 3, -2/33 HPs)
             Began as a Troll Earth Elementalist on Nov 8, 2021.
             Succumbed to a scorpion's poison
             ... on level 2 of the Dungeon.
             The game lasted 00:03:04 (1081 turns).

MacCMillion the Digger (Troll Earth Elementalist)   Turns: 1081, Time: 00:03:04

Health: -2/33      AC:  4    Str: 16 (17) XL:     3   Next: 46%
Magic:  3/3        EV:  9    Int:  8 (11) God:
Gold:   59         SH:  0    Dex:  7 (10) Spells: 1/4 levels left

rFire   . . .      SeeInvis .     - Unarmed
rCold   . . .      Faith    .   (no shield)
rNeg    . . .      Spirit   .   b - +0 robe
rPois   .          Reflect  .   (helmet restricted)
rElec   .          Harm     .   (no cloak)
rCorr   .          Rampage  .   (gloves unavailable)
Will    .....                   (boots unavailable)
Stlth   +.........              (no amulet)
HPRegen 1.11/turn               (no ring)
MPRegen 0.08/turn               (no ring)

@: brilliant, lethally poisoned (-2 -> -21)
A: large, unfitting armour, claws 3, regeneration 1, shaggy fur 1, tough skin 1
a: no special abilities


You were on level 2 of the Dungeon.
You visited 1 branch of the dungeon, and saw 2 of its levels.

You collected 59 gold pieces.

Inventory:

Missiles
 c - 35 stones
 i - 14 poisoned darts (quivered)
Armour
 b - a +0 robe (worn)
Scrolls
 d - a scroll of fog {unknown}
 f - a scroll of identify {unknown}
 k - a scroll of teleportation {unknown}
 m - a scroll of fear {unknown}
Potions
 g - a potion of magic {unknown}
 h - a potion of cancellation {unknown}
 j - a potion of lignification {unknown}
 l - a potion of heal wounds {unknown}


   Skills:
 + Level 1.2 Fighting
 - Level 1.5 Dodging
 - Level 1.0 Stealth
 * Level 2.5 Unarmed Combat
 - Level 1.2 Spellcasting
 - Level 0.6 Transmutations
 - Level 2.6 Earth Magic


You had one spell level left.
You knew the following spells:

 Your Spells              Type           Power      Damage    Failure   Level
a - Sandblast             Erth           14%        2d6       13%         1
b - Passwall              Tmut/Erth      3%         N/A       30%         2

Your spell library contained the following spells:

 Spells                   Type           Power      Damage    Failure   Level
 Stone Arrow              Conj/Erth      6%         3d7       56%         3
 Swiftness                Air            0%         N/A       75%         3
 Petrify                  Tmut/Erth      4%         N/A       89%         4
 Invisibility             Hex            0%         N/A       100%        6


Dungeon Overview and Level Annotations

Branches:
Dungeon (2/15)

Altars:


Innate Abilities, Weirdness & Mutations

You are too large for most types of armour.
You have claws for hands.
Your natural rate of healing is unusually fast.
You are covered in fur. (AC +1)
You have tough skin. (AC +1)


Message History

No target in view!
Found a stone staircase leading down.
A scorpion is nearby!
You see here 14 stones.
The scorpion stings you.
A scorpion is nearby!
A scorpion is nearby!
A scorpion is nearby!
You closely miss the scorpion. The scorpion barely misses you.
You scratch the scorpion.
The scorpion is moderately wounded.
The scorpion stings you!
You are poisoned.
The scorpion poisons you!
Aiming: Sandblast (safe; 11% risk of failure)
Press: ? - help, Q - select action, (/) - cycle Shift-Dir - straight line, f - scorpion
Aim: a scorpion (moderately wounded, 78% to hit)
Okay, then.
Unknown command.
Throw: 15 darts (poison)
Press: ? - help, Shift-Dir - straight line, f - scorpion
Aim: a scorpion (moderately wounded, 54% to hit)
You throw a poisoned dart.
The poisoned dart barely misses the scorpion.
You feel sick. The scorpion stings you! The scorpion stings you.
You are more poisoned.
The scorpion poisons you!
Okay, then.
It was a potion of degeneration.
There was something very wrong with that liquid.
You feel weakened.
You feel dopey.
You feel clumsy.
* * * LOW HITPOINT WARNING * * *
You feel very sick. The scorpion stings you.
* * * LOW HITPOINT WARNING * * *
You are more poisoned.
The scorpion poisons you!
It was a potion of brilliance.
You feel clever all of a sudden.
You die...

.##.# .# .##.# #.# .#
.##.# .. .# ..#.########
#. ##.#### #.#.......<#
#.# #.....#
#.############..####.....#
#.).............(........#
.........# #.s##<.....#
.........# #@##......#
.........# #.##<.....#
.†.......# #.###.....#
.........# #(.###.####
.........# ##.# #.#
.........# #.# #.#
.........# #.# #.#
.........# #.# #.#
.......... #.# #.#


You could see a scorpion.

Vanquished Creatures
  A worm (D:2)
  2 dart slugs
  A ball python (D:1)
  6 bats
  3 endoplasms
  4 giant cockroaches
  3 hobgoblins
  3 frilled lizards
  4 goblins (D:1)
  6 kobolds
  4 rats (D:1)
37 creatures vanquished.

Notes
Turn   | Place    | Note
-------+----------+-------------------------------------------
     0 | D:1      | MacCMillion the Troll Earth Elementalist began the quest
                  | for the Orb.
     0 | D:1      | Reached XP level 1. HP: 16/16 MP: 1/1
    54 | D:1      | Reached skill level 1 in Unarmed Combat
   171 | D:1      | Reached XP level 2. HP: 24/26 MP: 2/2
   426 | D:1      | Reached skill level 1 in Fighting
   581 | D:1      | Reached XP level 3. HP: 33/33 MP: 3/3
   730 | D:1      | Noticed an ogre
   730 | D:1      | Noticed an ogre
   730 | D:1      | Noticed an ogre
   730 | D:1      | Noticed an ogre
   777 | D:2      | Learned a level 2 spell: Passwall
   784 | D:2      | Noticed a scorpion
  1081 | D:2      | Succumbed to a scorpion's poison

Illustrated notes

Levels and vault maps discovered:
D:1:      erik_arrival_cave_to_civilisation [erik_arrival_cave_to_temple],
          layout_basic
D:2:      layout_basic

Skill      XL: |  1  2 |
---------------+-------+-----
Unarmed Combat | 1 2 |  2.5
Fighting       | 1 |  1.2
Dodging        | |  1.5
Stealth        | |  1.0
Spellcasting   | |  1.2
Transmutations | |  0.6
Earth Magic    | |  2.6

Action                   || total
-------------------------++-------
Melee: Unarmed           ||   127
       Punch             ||     1
Throw: Dart              ||     1
  Use: Potion            ||     2
 Stab: Sleeping          ||     1
Armor: Robe              ||    45
Dodge: Dodged            ||    41

Table legend: (Time is in decaauts)
 A = Elapsed time spent in this place.
 B = Non-inter-level travel time spent in this place.
 C = Inter-level travel time spent in this place.
 D = Time resting spent in this place.
 E = Time spent auto-exploring this place.
 F = Levels seen in this place.
 G = Mean time per level.
                   A        B        C        D        E       F      G
               +--------+--------+--------+--------+--------+-----+--------+
         Total |   1077 |   1009 |     68 |      0 |    758 |   2 |  538.5 |
       Dungeon |   1077 |   1009 |     68 |      0 |    758 |   2 |  538.5 |
               +--------+--------+--------+--------+--------+-----+--------+

Top non-repeatable levels by time:
     D:1: 814 daAuts
     D:2: 262 daAuts
